 Dungeon Crawl Stone Soup version 0.32-a0-12-g7fc57aa741 (webtiles) character file.

Game seed: 5784945035454479659

6666 whatisthis the Thaumaturge (level 11, -3/88 HPs)
             Began as an Oni Fire Elementalist on Jan 15, 2024.
             Was a Follower of Vehumet.
             Slain by a raiju (7 damage)
             ... on level 9 of the Dungeon.
             The game lasted 00:38:04 (11736 turns).

whatisthis the Thaumaturge (Oni Fire Elementalist) Turns: 11736, Time: 00:38:04

Health: -3/88      AC:  6    Str: 14    XL:     11   Next: 3%
Magic:  17/25      EV: 15    Int: 20    God:    Vehumet [*.....]
Gold:   399        SH:  0    Dex: 11    Spells: 18/31 levels left

rFire   . . .        G - +7 short sword of Lesmuribyg {venom, Dex+2}
rCold   . . .        (no shield)
rNeg    . . .        a - +0 robe
rPois   .            (helmet restricted)
rElec   .            I - +2 cloak {Stlth+}
rCorr   .            (gloves unavailable)
SInv    .            (boots unavailable)
Will    ++...        (no amulet)
Stlth   +++          u - ring of willpower
HPRegen 0.34/turn    w - +5 ring of evasion
MPRegen 0.19/turn

%: no passive effects
@: no status effects
A: large, unfitting armour, horns 1, tough skin 1, double potion healing,
drunken brawling
a: Renounce Religion


You were on level 9 of the Dungeon.
You worshipped Vehumet.
Vehumet was aware of your devotion.
You visited 2 branches of the dungeon, and saw 10 of its levels.

You collected 399 gold pieces.

Inventory:

Hand Weapons
 A - a +2 whip of electrocution
 G - the +7 short sword of Lesmuribyg (weapon) {venom, Dex+2}
   (You found it on level 8 of the Dungeon)

   Dex+2:     It affects your dexterity (+2).
Missiles
 c - 18 poisoned darts
 k - 5 curare-tipped darts
 E - 9 boomerangs
Armour
 a - a +0 robe (worn)
 B - +0 swamp dragon scales
 I - a +2 cloak of stealth (worn)
Jewellery
 u - a ring of willpower (left hand)
 w - a +5 ring of evasion (right hand)
Wands
 j - a wand of digging (4)
 y - a wand of charming (5)
 H - a wand of light (5)
Scrolls
 d - 8 scrolls of identify {unknown}
 i - 2 scrolls of poison {unknown}
 l - 2 scrolls of enchant armour {unknown}
 m - 2 scrolls of fear {unknown}
 o - a scroll of enchant weapon {unknown}
 p - a scroll of fog {unknown}
 q - a scroll of amnesia {unknown}
 r - a scroll of blinking {unknown}
 s - 3 scrolls of teleportation {unknown}
 t - 3 scrolls of noise {unknown}
 F - a scroll of revelation {unknown}
Potions
 b - 3 potions of magic
 e - 2 potions of might {unknown}
 f - a potion of attraction {unknown}
 g - 2 potions of ambrosia {unknown}
 n - 2 potions of cancellation {unknown}
 v - 2 potions of heal wounds {unknown}
 x - a potion of degeneration {unknown}
 z - a potion of enlightenment {unknown}
 C - 2 potions of curing {unknown}
 D - 2 potions of invisibility {unknown}


   Skills:
 - Level 1.7 Dodging
 - Level 1.4 Stealth
 + Level 10.8 Spellcasting
 + Level 8.7 Conjurations
 + Level 9.2 Fire Magic


You had 18 spell levels left.
You knew the following spells:

 Your Spells              Type           Power      Damage    Failure   Level
a - Foxfire               Conj/Fire      100%       2x1d9     1%          1
b - Scorch                Fire           94%        2d8       1%          2
c - Inner Flame           Hex/Fire       29%        N/A       3%          3
d - Volatile Blastmotes   Fire/Tloc      58%        2d14      3%          3
e - Flame Wave            Conj/Fire      46%        2d12      1%          4

Your spell library contained the following spells:

 Spells                   Type           Power      Damage    Failure   Level
 Kiss of Death            Conj/Necr      100%       2d13      1%          1
 Cigotuvi's Dreadful Rot  Necr/Alch/Air  20%        N/A       10%         2
 Dispel Undead            Necr           10%        3d9       54%         4
 Martyr's Knell           Necr/Summ      10%        N/A       54%         4
 Alistair's Intoxication  Alch           6%         N/A       87%         5
 Borgnjor's Vile Clutch   Necr/Erth      5%         N/A       87%         5
 Death Channel            Necr           5%         N/A       100%        6
 Eringya's Noxious Bog    Alch           5%         4d6       100%        6


Dungeon Overview and Level Annotations

Branches:
Dungeon (9/15)             Temple (1/1) D:7
   Lair: D:8-11         Orc: D:9-12

Altars:
Ashenzari
Cheibriados
Dithmenos
Elyvilon
Fedhas
Makhleb
Nemelex Xobeh
Okawaru
Qazlal
Ru
Sif Muna
Trog
Uskayaw
Vehumet
Wu Jian
Xom
Yredelemnul
Zin

Annotations:
D:6 Jeremiah


Innate Abilities, Weirdness & Mutations

You are too large for most types of armour.
You have a pair of small horns on your head.
You have tough skin. (AC +1)
You gain doubled healing and magic from potions.
Whenever you drink a healing potion, you attack all around you.


Message History

The bolt of electricity misses your foxfire.
The bolt of electricity hits you.
* * * LOW HITPOINT WARNING * * *
The bolt of electricity hits the raiju.
The raiju completely resists.
Casting: Foxfire (safe; 1% risk of failure)
Confirm with . or Enter, or press ? or * to list all spells.
Flames lash the raiju.
The raiju is moderately wounded.
The raiju's fire resistance burns away.
The foxfire hits the raiju!
The raiju is burned terribly!
The raiju is heavily wounded.
The foxfire hits the raiju.
The raiju is burned terribly!
The raiju is heavily wounded.
The raiju bursts into living lightning!
The living lightning misses you.
The raiju blinks!
The electric eel shoots out a bolt of lightning at you!
The bolt of electricity hits you!
* * * LOW HITPOINT WARNING * * *
Okay, then.
Okay, then.
Okay, then.
The raiju bursts into living lightning!
The living lightning misses you.
The raiju blinks! x2
The electric eel shoots out a bolt of lightning at you!
The bolt of electricity hits the raiju.
The raiju completely resists.
The bolt of electricity misses you.
Casting: Scorch (safe; 1% risk of failure)
Confirm with . or Enter, or press ? or * to list all spells.
Casting: Flame Wave (dangerous; 1% risk of failure)
Press: ? - help, Dir - look around, f - activate A wave of flame ripples out!
The flame wave engulfs the raiju!
The raiju is burned terribly!
The raiju is severely wounded.
The raiju barks! (Press . to intensify the flame waves.)
The raiju is engulfed in a cloud of scalding steam.
The raiju bites you!
* * * LOW HITPOINT WARNING * * *
The raiju shocks you!
You die...

#.# #.# #.# #.#
#########
####'###.......#
####........###...###
...#........##≈...~~#
...#........##≈§...~##
...####.#######§@..~~#
...# #.....# #§h...~##
...# #.....# ##≈...~~#
~..####.....# #≈~...~#
~...........# #~~...~#
~..####.....#
##~...≈~# ~..# #.....#
#S~...≈## ...# #.....#
#~.[.≈≈#
...####.....##~~.}.~##


You could see a raiju (combustible) and an electric eel.

Vanquished Creatures
  Pikel (D:4)
  Maurice (D:9)
  Maggie (D:8)
  An unseen horror (D:6)
  A tengu conjurer (D:8)
  A raiju (D:9)
  13 yaks
  2 wyverns
  A steam dragon (D:8)
  An orc warrior (D:7)
  4 ogres
  2 ice beasts
  A centaur (D:9)
  4 lemures (D:4)
  A phantom (D:7)
  A kobold brigand (D:9)
  Blork the orc (D:4)
  4 scorpions
  5 wights
  5 killer bees (D:9)
  4 electric eels (D:9)
  2 howler monkeys
  2 jellies
  2 bombardier beetles
  4 hounds
  3 orc priests (D:7)
  A gnoll bouda (D:8)
  2 sleepcaps
  2 iguanas
  3 orc wizards
  Ijyb (D:3)
  Robin (D:2)
  12 adders
  6 gnolls
  A shadow imp (D:5)
  4 ufetubi
  5 dart slugs
  2 ribbon worms (D:4)
  13 orcs
  3 bats (D:3)
  4 endoplasms
  9 giant cockroaches
  11 goblins
  7 hobgoblins
  4 jackals (D:3)
  2 quokkas
  6 ball pythons
  5 frilled lizards
  7 kobolds
  6 rats
185 creatures vanquished.

Vanquished Creatures (others)
  506 foxfires
506 creatures vanquished.

Grand Total: 691 creatures vanquished

Notes
Turn   | Place    | Note
-------+----------+-------------------------------------------
     0 | D:1      | whatisthis the Oni Fire Elementalist began the quest for
                  | the Orb.
     0 | D:1      | Reached XP level 1. HP: 16/16 MP: 3/3
    23 | D:1      | Reached skill level 1 in Conjurations
   120 | D:1      | Reached XP level 2. HP: 24/24 MP: 2/5
   892 | D:2      | Reached skill level 3 in Spellcasting
   892 | D:2      | Reached XP level 3. HP: 31/31 MP: 3/7
   946 | D:2      | Noticed Robin
  1394 | D:2      | Killed Robin
  1617 | D:2      | Reached XP level 4. HP: 39/39 MP: 6/9
  2209 | D:2      | Learned a level 2 spell: Scorch
  2455 | D:3      | Reached XP level 5. HP: 45/45 MP: 5/10
  2573 | D:3      | Reached skill level 4 in Spellcasting
  3203 | D:3      | Noticed Ijyb
  3209 | D:3      | Killed Ijyb
  3517 | D:4      | Noticed Pikel
  3517 | D:4      | Noticed a lemure
  3518 | D:4      | Noticed a lemure
  3710 | D:4      | Noticed Blork the orc
  3740 | D:4      | Noticed a lemure
  3740 | D:4      | Noticed a lemure
  3762 | D:4      | Killed a lemure
  3879 | D:4      | Killed a lemure
  3885 | D:4      | Killed a lemure
  3917 | D:4      | Killed Blork the orc
  3918 | D:4      | Reached XP level 6. HP: 39/53 MP: 7/12
  4054 | D:4      | Killed Pikel
  4055 | D:4      | Reached skill level 5 in Spellcasting
  4055 | D:4      | Reached XP level 7. HP: 50/59 MP: 1/15
  4336 | D:4      | Reached skill level 5 in Fire Magic
  4824 | D:5      | Entered Level 5 of the Dungeon
  4848 | D:5      | Reached skill level 6 in Spellcasting
  4957 | D:5      | Reached XP level 8. HP: 67/67 MP: 4/17
  5314 | D:5      | Noticed a yak
  5314 | D:5      | Noticed a yak
  5315 | D:5      | Noticed a yak
  5338 | D:5      | Killed a yak
  5469 | D:5      | Learned a level 3 spell: Inner Flame
  5473 | D:5      | Learned a level 3 spell: Volatile Blastmotes
  5790 | D:5      | Noticed a yak
  5803 | D:5      | Killed a yak
  5804 | D:5      | Reached skill level 5 in Conjurations
  5812 | D:5      | Noticed a yak
  5815 | D:5      | Noticed a yak
  6054 | D:5      | Reached skill level 7 in Spellcasting
  6486 | D:5      | Killed a yak
  6487 | D:5      | Reached XP level 9. HP: 50/74 MP: 6/20
  6508 | D:5      | Reached skill level 8 in Spellcasting
  6860 | D:5      | Identified the +0 leather armour of Amorality {rN+}
  7215 | D:6      | Learned a level 4 spell: Flame Wave
  7364 | D:6      | Killed an unseen horror
  7749 | D:6      | Noticed Jeremiah
  7771 | D:6      | Found a snail-covered altar of Cheibriados.
  8363 | D:7      | Reached skill level 9 in Spellcasting
  8488 | D:7      | Found a shimmering blue altar of Sif Muna.
  8722 | D:7      | Found a staircase to the Ecumenical Temple.
  8734 | Temple   | Entered the Ecumenical Temple
  8751 | Temple   | Became a worshipper of Vehumet
  8869 | D:7      | Reached XP level 10. HP: 34/78 MP: 9/23
  9406 | D:8      | Identified the +7 short sword of Lesmuribyg {venom, Dex+2}
  9842 | D:8      | Noticed Maggie
  9856 | D:8      | Killed Maggie
 10142 | D:8      | Noticed a two-headed ogre
 10248 | D:8      | Noticed a centaur warrior
 10250 | D:8      | Noticed a death knight
 10657 | D:9      | Noticed Maurice
 10663 | D:9      | Reached skill level 10 in Spellcasting
 10821 | D:9      | Maurice stole 11 poisoned darts
 10822 | D:9      | Maurice stole a +2 whip of electrocution
 10823 | D:9      | Maurice stole 199 gold
 10824 | D:9      | Killed Maurice
 11257 | D:9      | Reached * piety under Vehumet
 11257 | D:9      | Offered knowledge of Kiss of Death by Vehumet.
 11613 | D:9      | Reached XP level 11. HP: 54/88 MP: 16/25
 11736 | D:9      | HP: 4/88 [raiju (9)]
 11736 | D:9      | Slain by a raiju

Illustrated notes

Levels and vault maps discovered:
D:1:      tekkud_arrival_beachfront_property, layout_loops_ring,
          amcnicky_mini_rare_corridor_liquid, chequers_decorated_corner
D:2:      layout_basic, serial_bayou_pond_b, uniq_robin
D:3:      minmay_recursive_quarters, layout_loops_ring, uniq_ijyb
D:4:      layout_loops_cross, nicolae_half_adder, uniq_pikel, uniq_blork_the_orc
D:5:      layout_layer_cave, minmay_misc_feat_square, dreamdust_gnoll_farm
D:6:      layout_basic, kennysheep_slug_shrine, mainiacjoe_overflow_big_doors,
          nicolae_letterblocks [nicolae_letter_subblock,
          nicolae_letter_subblock, nicolae_letter_subblock,
          nicolae_letter_subblock, nicolae_letter_subblock,
          nicolae_letter_subblock, nicolae_letter_subblock,
          nicolae_letter_subblock, nicolae_letter_subblock,
          nicolae_letter_subblock, nicolae_letter_subblock,
          nicolae_letter_subblock, nicolae_letter_subblock,
          nicolae_letter_subblock, nicolae_letter_subblock,
          nicolae_letter_subblock, nicolae_letter_subblock,
          nicolae_letter_subblock, nicolae_letter_subblock,
          nicolae_letter_subblock, nicolae_letter_subblock,
          nicolae_letter_subblock, nicolae_letter_subblock,
          nicolae_letter_subblock, nicolae_letter_subblock], uniq_jeremiah
D:7:      layout_gridville, hellmonk_sif_muna_bookshelves,
          minmay_temple_entry_proselytizer, grunt_decor_clamped
D:8:      cheibrodos_elevator_heist, layout_basic, david_lair_shrubbed,
          uniq_maggie, uniq_gastronok
D:9:      kennysheep_housing_project, layout_basic, tso_oasis_becter,
          gammafunk_ghost_split, nicolae_have_a_lightning_rod, uniq_maurice
Temple:   kb_temple_of_zot

Skill      XL: |  1  2  3  4  5  6  7  8  9 10 |
---------------+-------------------------------+-----
Conjurations   | 1 2 4 5 7 8 |  8.7
Fire Magic     | 3 4 5 6 7 9 |  9.2
Spellcasting   | 3 4 5 6 7 9 10 | 10.8
Dodging        | |  1.7
Stealth        | |  1.4

Action                     |  1- 3 |  4- 6 |  7- 9 | 10-12 || total
---------------------------+-------+-------+-------+-------++-------
  Melee: Club              |     4 |    14 |       |       ||    18
         Headbutt          |       |     3 |       |     4 ||     7
         Short sword       |       |       |     5 |    13 ||    18
   Cast: Foxfire           |    51 |    65 |   131 |    78 ||   325
         Scorch            |       |    31 |    29 |    28 ||    88
         Volatile Blastmot |       |       |    24 |     4 ||    28
         Inner Flame       |       |       |     2 |     1 ||     3
         Flame Wave        |       |       |     8 |    20 ||    28
  Evoke: Wand              |       |    11 |     6 |       ||    17
 Armour: Robe              |    19 |    30 |    46 |    66 ||   161
  Dodge: Dodged            |     5 |    33 |    46 |    55 ||   139

Table legend: (Time is in decaauts)
 A = Elapsed time spent in this place.
 B = Non-inter-level travel time spent in this place.
 C = Inter-level travel time spent in this place.
 D = Time resting spent in this place.
 E = Time spent auto-exploring this place.
 F = Levels seen in this place.
 G = Mean time per level.
                   A        B        C        D        E       F      G
               +--------+--------+--------+--------+--------+-----+--------+
         Total |  11750 |  11094 |    656 |   3895 |   3581 |  10 | 1175.0 |
       Dungeon |  11590 |  10966 |    624 |   3775 |   3581 |   9 | 1287.8 |
        Temple |    160 |    128 |     32 |    120 |      0 |   1 |  160.0 |
               +--------+--------+--------+--------+--------+-----+--------+

Top non-repeatable levels by time:
     D:5: 1918 daAuts
     D:3: 1506 daAuts
     D:4: 1476 daAuts
     D:7: 1351 daAuts
     D:6: 1239 daAuts
     D:2: 1222 daAuts
     D:8: 1186 daAuts
     D:1: 951 daAuts
     D:9: 736 daAuts
  Temple: 160 daAuts
